 Dungeon Crawl Stone Soup version 0.18-a0-1426-g3b9a63c (webtiles) character file.

47 Tomstefer the Conjurer (level 3, -1/19 HPs)
             Began as a Tengu Conjurer on Feb 27, 2016.
             Slain by Sigmund
             ... wielding a +0 scythe
              (10 damage)
             ... on level 2 of the Dungeon.
             The game lasted 00:03:04 (1921 turns).

Tomstefer the Conjurer (Tengu Conjurer)             Turns: 1921, Time: 00:03:04

Health: -1/19      AC:  2    Str:  8    XL:     3   Next: 70%
Magic:  5/7        EV: 12    Int: 16    God:
Gold:   96         SH:  0    Dex: 14    Spells: 2 memorised, 3 levels left

rFire  . . .     SeeInvis .     d - +0 spear
rCold  . . .     Gourm    .     a - +0 robe
rNeg   + . .     Faith    .     (no shield)
rPois  .         Spirit   .     (helmet restricted)
rElec  .         Dismiss  .     (no cloak)
rCorr  .         Reflect  .     (no gloves)
SustAt .         Harm     +     (boots unavailable)
MR     .....                    h - amulet of harm
Stlth  +.........               (no ring)
                                i - ring of positive energy

@: confused, not resistant to hostile enchantments, very unstealthy
A: beak, talons 3
a: no special abilities


You were on level 2 of the Dungeon.
You were not hungry.

You visited 1 branch of the dungeon, and saw 2 of its levels.

You collected 96 gold pieces.

Inventory:

Hand Weapons
 d - a +0 spear (weapon)
Armour
 a - a +0 robe (worn)
Jewellery
 h - an amulet of harm (around neck)
 i - a ring of positive energy (left hand)
 s - a +2 ring of protection {unknown}
Scrolls
 f - a scroll of noise {unknown}
 g - a scroll of amnesia {unknown}
 k - 3 scrolls of identify {unknown}
 o - a scroll of remove curse {unknown}
 p - a scroll of fog {unknown}
 q - a scroll of fear {unknown}
 r - a scroll of enchant weapon {unknown}
Potions
 e - a potion of lignification {unknown}
 j - a potion of curing {unknown}
Books
 b - a book of Conjurations

   Spells                             Type                      Level
   a - Magic Dart                     Conjuration                  1
   b - Searing Ray                    Conjuration                  2
   c - Dazzling Spray                 Conjuration/Hexes            3
   d - Fulminant Prism                Conjuration/Hexes            4
   e - Iskenderun's Mystic Blast      Conjuration                  4
   f - Iskenderun's Battlesphere      Conjuration/Charms           5
Comestibles
 c - a bread ration
 l - a slice of pizza
 m - a meat ration
 n - 2 chunks of flesh


   Skills:
 - Level 2.1 Dodging
 - Level 2.0 Stealth
 - Level 2.0 Spellcasting
 + Level 7.0 Conjurations


You had 3 spell levels left.
You knew the following spells:

 Your Spells              Type           Power        Failure   Level  Hunger
a - Magic Dart            Conj           ###.         1%          1    #......
b - Searing Ray           Conj           ###...       1%          2    ###....


Dungeon Overview and Level Annotations

Branches:
Dungeon (2/15)

Altars:

Annotations:
D:2 Sigmund


Innate Abilities, Weirdness & Mutations

You have a beak for a mouth.
You have claws for feet.


Message History

Sigmund hits you from afar with a scythe!
Ouch! That really hurt!
Attack whom?
Press: ? - help, Dir - move target cursor, f/p - Sigmund
Aim: Sigmund, wielding a scythe and wearing a robe (lightly wounded)
You reach to attack!
You barely miss Sigmund.
Sigmund is lightly wounded.
Sigmund closely misses you.
Attack whom?
Press: ? - help, Dir - move target cursor, f/p - Sigmund
Aim: Sigmund, wielding a scythe and wearing a robe (lightly wounded)
You reach to attack!
You closely miss Sigmund.
Sigmund is lightly wounded.
Sigmund gestures at you while chanting.
You are confused.
You're too confused to move!
You bump into the rock wall.
Sigmund closely misses you. Sigmund hits you with a scythe!
Ouch! That really hurt!
You die...

#.# ≈≈..## #.....# #.#
≈≈.... #.....# #.#
####≈≈≈.... #..?..# . #.#
#...# ≈≈≈≈≈ .....# ≈≈ #.#
#.#.# ≈≈≈≈≈##'''##≈≈≈
#.#####.#.#### #≈≈≈≈...≈≈≈≈#
........#....#####≈≈...≈≈###
#'##########.....###[..###
..............##@@...###
)..........##.##.#####
..............##.#
..........######.#
.............#...#
.......#+###.#.###
.......#........#
.<.....#.....#..#
....(....#..###.#


You could see Sigmund.

Vanquished Creatures
  An adder (D:2)
  A worm (D:2)
  A dart slug (D:1)
  7 bats (D:1)
  A giant cockroach (D:1)
  4 goblins
  4 hobgoblins
  3 jackals (D:2)
  A giant newt (D:2)
  3 kobolds (D:2)
  3 rats
29 creatures vanquished.

Notes
Turn   | Place    | Note
--------------------------------------------------------------
     0 | D:1      | Tomstefer the Tengu Conjurer began the quest for the Orb.
     0 | D:1      | Reached XP level 1. HP: 10/10 MP: 4/4
   201 | D:1      | Reached XP level 2. HP: 15/15 MP: 0/6
   272 | D:1      | Reached skill level 6 in Conjurations
   998 | D:2      | Learned a level 2 spell: Searing Ray
  1007 | D:2      | Reached XP level 3. HP: 19/19 MP: 4/7
  1047 | D:2      | Found a faded altar to an unknown god.
  1855 | D:2      | Reached skill level 7 in Conjurations
  1907 | D:2      | Noticed Sigmund
  1921 | D:2      | Slain by Sigmund

Vault maps used:
D:1:      dpeg_arrival_pits
D:2:      kennysheep_goblin_castle, ecumenical_altar_2, uniq_sigmund

Skill      XL: |  1  2  3 |
---------------+----------+-----
Conjurations   | 6 7 |  7.0
Dodging        | |  2.1
Stealth        | |  2.0
Spellcasting   | |  2.0

Action                   || total
-------------------------++-------
Melee: Spear             ||    10
       Unarmed           ||     2
 Cast: Magic Dart        ||    62
  Eat: Chunk             ||     4
